 Dungeon Crawl Stone Soup version 0.30-a0-652-gcc886f7154 (webtiles) character file.

Game seed: 4707542132007129207

23 BigDaddyOpFi the Digger (level 3, -4/19 HPs)
             Began as a Meteoran Earth Elementalist on Jan 17, 2023.
             Slain by a gnoll
             ... wielding a +0 spear
              (7 damage)
             ... on level 2 of the Dungeon.
             The game lasted 00:01:27 (861 turns).

BigDaddyOpFi the Digger (MeEE)                       Turns: 861, Time: 00:01:28

Health: -4/19      AC:  2    Str: 11    XL:     3   Next: 29%
Magic:  6/8        EV: 13    Int: 16    God:
Gold:   88         SH:  0    Dex: 15    Spells: 7/8 levels left

rFire   . . .      SeeInvis .    c - +4 broad axe
rCold   + . .      Faith    .    (no shield)
rNeg    . . .      Spirit   .    a - +0 robe
rPois   .          Reflect  .    (no helmet)
rElec   .          Harm     .    (no cloak)
rCorr   .          Rampage  .    (no gloves)
Will    .....                    (no boots)
Stlth   +                        (no amulet)
HPRegen 0.23/turn                h - ring of protection from cold
MPRegen 0.11/turn                (no ring)

@: mighty, glowing
A: sense surroundings 1, otherworldly, glowing, explore regen
a: no special abilities


You were on level 2 of the Dungeon.
You visited 1 branch of the dungeon, and saw 2 of its levels.

You collected 88 gold pieces.

Inventory:

Hand Weapons
 c - a +4 broad axe (weapon)
Armour
 a - a +0 robe (worn)
Jewellery
 h - a ring of protection from cold (left hand)
Scrolls
 e - a scroll of enchant armour {unknown}
 g - 3 scrolls of magic mapping {unknown}
 i - a scroll of enchant weapon {unknown}
 k - a scroll of fog {unknown}
 m - a scroll of brand weapon {unknown}
 n - a scroll of identify {unknown}
Potions
 b - a potion of magic
 f - a potion of flight {unknown}
 j - a potion of curing {unknown}
 l - a potion of brilliance {unknown}


   Skills:
 + Level 2.8 Dodging
 + Level 1.7 Stealth
 + Level 3.0 Spellcasting
 + Level 1.9 Transmutations
 + Level 3.9 Earth Magic


You had 7 spell levels left.
You knew the following spells:

 Your Spells              Type           Power      Damage    Failure   Level
a - Sandblast             Erth           30%        2d9       3%          1

Your spell library contained the following spells:

 Spells                   Type           Power      Damage    Failure   Level
 Beastly Appendage        Tmut           16%        N/A       9%          1
 Passwall                 Tmut/Erth      9%         N/A       9%          2
 Wereblood                Tmut           8%         N/A       13%         2
 Stone Arrow              Conj/Erth      16%        3d8       26%         3
 Spider Form              Tmut/Pois      5%         N/A       36%         3
 Petrify                  Tmut/Erth      11%        N/A       50%         4


Dungeon Overview and Level Annotations

Branches:
Dungeon (2/15) Zot: 524

Altars:


Innate Abilities, Weirdness & Mutations

You passively map a small area around you.
You are easily found by Zot.
You glow in the dark.
You regain HP and MP as you explore.


Message History

The ball python hisses angrily.
The ball python bites you. The ball python completely misses you.
A ball python is nearby!
A ball python is nearby!
The blast of sand hits the ball python!
You kill the ball python!
n - a scroll labelled ARUAH URETZAI HP restored.
Found a stone staircase leading up.
There is a stone staircase leading up here.
There is a stone staircase leading up here.
Found a chain mail.
You see here a +0 chain mail.
Found a dagger. 2 gnolls come into view.
A gnoll is wielding a +1 flail of protection.
The gnoll shouts! x2
A ball python comes into view.
The gnoll moves out of view.
You can't see any susceptible monsters within range! (Use Z to cast anyway.)
A gnoll comes into view. It is wielding a +0 spear.
Found an escape hatch in the ceiling.
The blast of sand hits the gnoll.
The gnoll is moderately wounded.
The ball python hisses angrily.
The gnoll shouts!
The blast of sand misses the gnoll.
The blast of sand hits the gnoll but does no damage.
The gnoll hits you with a +0 flail.
The gnoll hits you with a +1 flail of protection.
The gnoll hits you with a +0 flail. The gnoll attacks as you move away!
The gnoll hits you with a +1 flail of protection!
* * * LOW HITPOINT WARNING * * *
It was a potion of might.
You feel very mighty all of a sudden.
Okay, then.
You slash the gnoll!
You kill the gnoll!
The gnoll hits you from afar with a +0 spear!
You die...

#....# #....#
#....###########
#....##.........
###......[#######.
########.........# #.....
.......#.###....## #.##.#
*, ,.......#.# ######
#.##.. .......#@#####
####.####
<......#g....####..>.....
, ,
.......g.............[...
........)..#.####........
...........# ##......####
.........### ........####
.........., ............
..........# ##......####
..........# ........# #


You could see 2 gnolls.

Vanquished Creatures
  A gnoll (D:2)
  4 ball pythons
  A giant cockroach (D:2)
  4 hobgoblins
  4 jackals (D:1)
  2 bats
  3 frilled lizards
  A goblin (D:2)
  2 kobolds
  2 rats (D:1)
24 creatures vanquished.

Vanquished Creatures (others)
  3 fungi (D:2)
  3 toadstools (D:2)
6 creatures vanquished.

Grand Total: 30 creatures vanquished

Notes
Turn   | Place    | Note
-------+----------+-------------------------------------------
     0 | D:1      | BigDaddyOpFi the Meteoran Earth Elementalist began the
                  | quest for the Orb.
     0 | D:1      | Reached XP level 1. HP: 14/14 MP: 5/5
   264 | D:1      | Reached XP level 2. HP: 20/20 MP: 4/6
   363 | D:1      | Found a faded altar of an unknown god.
   494 | D:1      | Glimpsed the power of Zot.
   544 | D:1      | Glimpsed the power of Zot.
   584 | D:1      | Glimpsed the power of Zot.
   594 | D:1      | Touched by the power of Zot.
   673 | D:2      | Reached XP level 3. HP: 19/19 MP: 4/8
   861 | D:2      | Slain by a gnoll

Illustrated notes

Levels and vault maps discovered:
D:1:      sevenhm_arrival_forest_fort_large_1, layout_basic,
          ebering_ecumenical_altar_abandoned
D:2:      cheibrodos_helix_gallery, layout_basic, serial_shops, shop,
          minmay_gold_behind_fungi, chequers_serial_rivers_large_a

Skill      XL: |  1  2 |
---------------+-------+-----
Spellcasting   | 3 |  3.0
Dodging        | |  2.8
Stealth        | |  1.7
Transmutations | |  1.9
Earth Magic    | |  3.9

Action                   || total
-------------------------++-------
Melee: Broad axe         ||     2
 Cast: Sandblast         ||    29
  Use: Potion            ||     1
Dodge: Dodged            ||     4

Table legend: (Time is in decaauts)
 A = Elapsed time spent in this place.
 B = Non-inter-level travel time spent in this place.
 C = Inter-level travel time spent in this place.
 D = Time resting spent in this place.
 E = Time spent auto-exploring this place.
 F = Levels seen in this place.
 G = Mean time per level.
                   A        B        C        D        E       F      G
               +--------+--------+--------+--------+--------+-----+--------+
         Total |    874 |    842 |     32 |      0 |    723 |   2 |  437.0 |
       Dungeon |    874 |    842 |     32 |      0 |    723 |   2 |  437.0 |
               +--------+--------+--------+--------+--------+-----+--------+

Top non-repeatable levels by time:
     D:1: 626 daAuts
     D:2: 248 daAuts
